 Dungeon Crawl Stone Soup version 0.24-a0-230-g536ed4e33c (webtiles) character file.

Game seed: 10885105604530328315

14 MrRokkomies the Bolt Thrower (level 2, 0/18 HPs)
             Began as a Kobold Hunter on Apr 3, 2019.
             Slain by an ooze (4 damage)
             ... on level 1 of the Dungeon.
             The game lasted 00:01:33 (510 turns).

MrRokkomies the Bolt Thrower (Kobold Hunter)         Turns: 510, Time: 00:01:34

Health: 0/18       AC:  3    Str:  9    XL:     2   Next: 55%
Magic:  2/2        EV: 14    Int: 12    God:
Gold:   15         SH:  0    Dex: 15    Spells: 1/1 levels left

rFire    . . .     SeeInvis .   a - +1 hand crossbow
rCold    . . .     Gourm    .   (shield restricted)
rNeg     . . .     Faith    .   c - +0 leather armour
rPois    +         Spirit   .   (no helmet)
rElec    .         Reflect  .   (no cloak)
rCorr    .         Harm     .   (no gloves)
MR       .....                  (no boots)
Stlth    ++........             (no amulet)
HPRegen  0.06/turn              g - ring of poison resistance
MPRegen  0.08/turn              (no ring)

@: no status effects
A: small, carnivore
a: no special abilities


You were on level 1 of the Dungeon.
You were not hungry.

You visited 1 branch of the dungeon, and saw 1 of its levels.

You collected 15 gold pieces.

Inventory:

Hand Weapons
 a - a +1 hand crossbow (weapon)
 b - a +0 short sword
Missiles
 d - 18 bolts (quivered)
Armour
 c - a +0 leather armour (worn)
Jewellery
 g - a ring of poison resistance (left hand)
Scrolls
 i - a scroll of remove curse {unknown}
Potions
 e - a potion of curing {unknown}
 h - a potion of lignification {unknown}
Comestibles
 f - a ration


   Skills:
 * Level 2.6 Fighting
 * Level 5.1 Crossbows
 - Level 2.4 Dodging
 + Level 2.0 Stealth


You had one spell level left.
You didn't know any spells.
Your spell library was empty.

Dungeon Overview and Level Annotations

Branches:
Dungeon (1/15)

Altars:


Innate Abilities, Weirdness & Mutations

You are small and have problems with some larger weapons.
You are carnivorous and can eat meat at any time.


Message History

The ball python bites you but does no damage.
The ball python grabs you. The ball python constricts you.
The ooze closely misses you.
a - a +1 hand crossbow (weapon)
The ball python barely misses you.
* * * LOW HITPOINT WARNING * * *
The ball python constricts you.
Firing (i - inventory)
d - 20 bolts (quivered)
Press: ? - help, Shift-Dir - straight line, f - ball python
Aim: a ball python (constricting you)
You shoot a bolt. The bolt hits the ball python!
You kill the ball python!
The ooze barely misses you.
Firing (i - inventory)
d - 19 bolts (quivered)
Press: ? - help, Shift-Dir - straight line, f - ooze
Aim: an ooze You shoot a bolt.
The bolt hits the ooze!
The ooze is severely wounded.
The ooze closely misses you. The ooze hits you.
You die...

.... #.[........#
.... ##..........#
...# #...?....$..#
... #...........#
##.. #...........#
... #...........#
#.####.[.#.##.....
#..# #.....##########
##.###......(@J......
#.)......###########
#........# ##.......#
#......## #..(...#
#......# #......#
###....#


You could see an ooze.

Vanquished Creatures
  A dart slug (D:1)
  A ball python (D:1)
  A giant cockroach (D:1)
  A goblin (D:1)
  2 kobolds (D:1)
  2 bats (D:1)
  2 frilled lizards (D:1)
  A rat (D:1)
11 creatures vanquished.

Notes
Turn   | Place    | Note
-------+----------+-------------------------------------------
     0 | D:1      | MrRokkomies the Kobold Hunter began the quest for the Orb.
     0 | D:1      | Reached XP level 1. HP: 12/12 MP: 1/1
   213 | D:1      | Reached skill level 5 in Crossbows
   213 | D:1      | Reached XP level 2. HP: 7/18 MP: 2/2
   510 | D:1      | Slain by an ooze

Levels and vault maps discovered:
D:1:      psy_arrival_radial02, layout_basic, nrook_loot_triangle

Skill      XL: |  1  2 |
---------------+-------+-----
Crossbows      | 5 |  5.1
Stealth        | 2 |  2.0
Fighting       | |  2.6
Dodging        | |  2.4

Action                   || total
-------------------------++-------
Melee: Short sword       ||    56
 Fire: Hand crossbow     ||     2
 Stab: Sleeping          ||     1
Armor: Leather armour    ||    21
Dodge: Dodged            ||    71

Table legend:
 A = Non-vault XP
 B = Vault XP
 C = Vault XP percentage of total XP
 D = Non-vault monster count
 E = Vault monster count
 F = Vault count percentage of total count
                 A         B        C        D         E       F
            +---------+---------+-------+---------+---------+-------
      Total |      20 |       0 |   0.0 |      11 |       0 |   0.0
            +---------+---------+-------+---------+---------+-------
        D:1 |      20 |       0 |   0.0 |      11 |       0 |   0.0
            +---------+---------+-------+---------+---------+-------
